 Dungeon Crawl Stone Soup version 0.32-a0-411-g744942f433 (webtiles) character file.

Game seed: 15208465125962973248

9 Bravepunisher the Ducker (level 2, 16/16 HPs)
             Began as a Spriggan Monk on Feb 21, 2024.
             Quit the game on level 4 of the Dungeon.
             The game lasted 00:02:13 (332 turns).

Bravepunisher the Ducker (Spriggan Monk)             Turns: 332, Time: 00:02:14

Health: 16/16      AC:  2    Str:  7    XL:     2   Next: 6%
Magic:  3/3        EV: 19    Int: 11    God:
Gold:   9          SH:  0    Dex: 17    Spells: 1/1 levels left

rFire   . . .        a - +0 short sword
rCold   + . .        (no shield)
rNeg    . . .        b - +0 robe
rPois   .            (helmet restricted)
rElec   .            (no cloak)
rCorr   .            (gloves unavailable)
SInv    +            (boots unavailable)
Will    .....        (no amulet)
Stlth   ++           d - ring of protection from cold
HPRegen 0.22/turn    (no ring)
MPRegen 0.08/turn

%: no passive effects
@: very quick
A: very small, no large weapons, unfitting armour, see invisible, speed 3
a: no special abilities


You were on level 4 of the Dungeon.
You visited 1 branch of the dungeon, and saw 5 of its levels.

You collected 9 gold pieces.

Inventory:

Hand Weapons
 a - a +0 short sword (weapon)
Armour
 b - a +0 robe (worn)
Jewellery
 d - a ring of protection from cold (left hand)
Potions
 c - a potion of ambrosia


   Skills:
 + Level 2.6 Fighting
 - Level 3.2 Short Blades
 * Level 4.5 Dodging


You had one spell level left.
You didn't know any spells.
Your spell library was empty.

Dungeon Overview and Level Annotations

Branches:
Dungeon (5/15)
 Temple: D:4-7

Altars:
Vehumet


Innate Abilities, Weirdness & Mutations

You are very small and have problems with some larger weapons.
You are too small for most types of armour.
You have supernaturally acute eyesight. (SInv)
You cover ground extremely quickly. (Speed+++)


Message History

An endoplasm comes into view.
A hobgoblin comes into view.
The hobgoblin shouts!
A ball python comes into view.
A ribbon worm comes into view.
The ball python hisses angrily.
An endoplasm comes into view.
Found a stone staircase leading up.
You open the door.
There is an open door here.
Why would you want to do that? Why would you want to do that?
There is an open door here.
There is a stone staircase leading up here.
A hobgoblin comes into view.
Found a leather armour.
Found a book of Burglary.
Found a scroll labelled MUXIRE MIOCHI.
The hobgoblin hits you but does no damage.
You see here a book of Burglary.
Why would you want to do that?
The hobgoblin shouts!
The hobgoblin barely misses you.
You barely miss the hobgoblin. The hobgoblin completely misses you.
You hit the hobgoblin.
The hobgoblin is severely wounded.
The hobgoblin closely misses you.
You closely miss the hobgoblin.
The hobgoblin is heavily wounded.
You barely miss the hobgoblin.
The hobgoblin is heavily wounded.
The hobgoblin closely misses you.
You hit the hobgoblin but do no damage.
The hobgoblin is heavily wounded.
The hobgoblin closely misses you.
As you read the scroll labelled YCZAAX BOPER, it crumbles to dust.
It is a scroll of identify.
You don't currently have any unidentified items.
The hobgoblin closely misses you.
Are you sure you want to abandon this character and quit the game? (Confirm with "yes".)

## ###≈ ##..≈
##~..≈ #....≈##
#..~.≈.#
#.#.g≈.###########
###≈...@ggSs.J.#
############.###
#...# #.#.###
##.....#####
###~......$...
.....~~~..####
..##..~.~..# # #
#.[....## #


You could see a scorpion, an endoplasm, 3 hobgoblins and a ball python.

Vanquished Creatures
  A ball python (D:1)
  An endoplasm (D:4)
  A goblin (D:1)
  A quokka (D:4)
  A rat (D:2)
5 creatures vanquished.

Notes
Turn   | Place    | Note
-------+----------+-------------------------------------------
     0 | D:1      | Bravepunisher the Spriggan Monk began the quest for the
                  | Orb.
     0 | D:1      | Reached XP level 1. HP: 11/11 MP: 2/2
   231 | D:5      | Entered Level 5 of the Dungeon
   231 | D:5      | Noticed an iguana
   231 | D:5      | Noticed an iguana
   233 | D:5      | Noticed an iguana
   243 | D:4      | Found a radiant altar of Vehumet.
   245 | D:4      | Reached XP level 2. HP: 16/16 MP: 3/3
   254 | D:4      | Noticed a scorpion
   332 | D:4      | Quit the game

Illustrated notes

Levels and vault maps discovered:
D:1:      lightli_arrival_farm, layout_rooms
D:2:      layout_basic, basic_altar, nicolae_titane
D:3:      cheibrodos_fertilizer, layout_loops_ring, gammafunk_ghost_necromancy,
          minivault_14
D:4:      layout_loops_ring, nicolae_ru_awakened_eye, kennysheep_mini,
          mainiacjoe_overflow_large_starburst, serial_rivers,
          chequers_serial_rivers_room_a, chequers_serial_rivers_marsh,
          chequers_serial_rivers_room_a, chequers_serial_rivers_micro_e,
          chequers_serial_rivers_micro_c, chequers_serial_rivers_small_3,
          dk_vineyard_1
D:5:      layout_rooms, minmay_temple_entry_offerings, nicolae_shop_clearance,
          uniq_duvessa

Action                     || total
---------------------------++-------
  Melee: Short sword       ||    32
    Use: Scroll            ||     1
   Stab: Sleeping          ||     1
 Armour: Robe              ||     7
  Dodge: Dodged            ||    31

Table legend: (Time is in decaauts)
 A = Elapsed time spent in this place.
 B = Non-inter-level travel time spent in this place.
 C = Inter-level travel time spent in this place.
 D = Time resting spent in this place.
 E = Time spent auto-exploring this place.
 F = Levels seen in this place.
 G = Mean time per level.
                   A        B        C        D        E       F      G
               +--------+--------+--------+--------+--------+-----+--------+
         Total |    226 |    226 |      0 |      0 |     37 |   5 |   45.2 |
       Dungeon |    226 |    226 |      0 |      0 |     37 |   5 |   45.2 |
               +--------+--------+--------+--------+--------+-----+--------+

Top non-repeatable levels by time:
     D:4: 125 daAuts
     D:1: 61 daAuts
     D:2: 17 daAuts
     D:3: 14 daAuts
     D:5: 7 daAuts
